 Dungeon Crawl Stone Soup version 0.22.1-1-ga44c0e5 (webtiles) character file.

1814 Torikoriko the Covert (level 9, -4/85 HPs)
             Began as a Naga Monk on Oct 8, 2018.
             Was a Believer of Ru.
             Shot with a sling bullet by Joseph (16 damage)
             ... on level 7 of the Dungeon.
             The game lasted 00:37:08 (11225 turns).

Torikoriko the Covert (Naga Monk)                  Turns: 11225, Time: 00:37:09

Health: -4/85      AC:  7    Str: 16    XL:     9   Next: 10%
Magic:  9/9        EV: 11    Int: 11    God:    Ru [**....]
Gold:   464        SH:  0    Dex: 14    Spells: 8/8 levels left

rFire    . . .     SeeInvis +   a - +0 hand axe
rCold    . . .     Gourm    .   (no shield)
rNeg     . . .     Faith    .   d - +0 ring mail (curse)
rPois    +         Spirit   .   (no helmet)
rElec    .         Reflect  .   (no cloak)
rCorr    .         Harm     .   p - +0 pair of gloves
MR       +....                  (no barding)
Stlth    ++++......             (no amulet)
HPRegen  0.24/turn              s - ring of wizardry
MPRegen  0.11/turn              (no ring)

@: about to teleport, very slow
A: large, see invisible, deformed body, poison resistance, slowness 2, slow
metabolism 1, spit poison 1, inexperienced 1, AC +3
a: Spit Poison, Renounce Religion


You were on level 7 of the Dungeon.
You worshipped Ru.
Ru was pleased with you.
You were very hungry.

You visited 1 branch of the dungeon, and saw 7 of its levels.

You collected 464 gold pieces.

Inventory:

Hand Weapons
 a - a +0 hand axe (weapon)
 u - a +0 flail of holy wrath
Missiles
 f - 93 bolts
 g - 43 poisoned needles
 h - 81 stones
 o - 127 arrows
 y - 3 tomahawks (quivered)
 F - 4 throwing nets {!f}
 H - 4 needles of frenzy
Armour
 d - a cursed +0 ring mail (worn)
 j - a +1 leather armour of poison resistance
 p - a +0 pair of gloves (worn)
 E - +0 fire dragon scales
Jewellery
 s - a ring of wizardry (left hand)
 v - an uncursed ring of fire
 C - a +3 ring of intelligence
Wands
 w - a wand of scattershot (7)
 x - a wand of paralysis (1)
 B - a wand of disintegration (1)
 I - a wand of digging (12)
Scrolls
 b - 6 scrolls of identify
 e - 4 scrolls of remove curse
 r - a scroll of immolation
 A - a scroll of acquirement {unknown}
 L - a scroll of enchant armour {unknown}
Potions
 i - 3 potions of curing
 k - a potion of flight
 l - 4 potions of haste
 m - 3 potions of degeneration {unknown}
 n - a potion of magic
 t - a potion of lignification {unknown}
 z - a potion of resistance
 D - a potion of berserk rage {unknown}
 G - 2 potions of heal wounds {unknown}
 K - a potion of cancellation {unknown}
Comestibles
 c - 18 rations


   Skills:
 + Level 6.8 Fighting
 * Level 9.2 Axes
 + Level 2.0 Armour
 - Level 5.1 Dodging
 + Level 9.9 Stealth


You had 8 spell levels left.
You didn't know any spells.
Your spell library contained the following spells:

 Spells                   Type           Power        Failure   Level  Hunger
 Confusing Touch          Hex            #.....       26%         1    ##.....
 Confuse                  Hex            #.......     58%         3    ####...
 Gell's Gravitas          Tloc           #.........   58%         3    ####...
 Petrify                  Tmut/Erth      #.......     92%         4    #####..
 Metabolic Englaciation   Hex/Ice        #.........   99%         5    ######.
 Yara's Violent Unravell  Hex/Tmut       #.........   99%         5    ######.


Dungeon Overview and Level Annotations

Branches:
Dungeon (7/15)             Temple (0/1) D:6

Altars:
Ru

Annotations:
D:7 Joseph


Innate Abilities, Weirdness & Mutations

You cannot wear boots.
Your serpentine skin is tough. (AC +3)
You have supernaturally acute eyesight. (SInv)
Armour fits poorly on your strangely shaped body.
Your system is resistant to poisons. (rPois)
You cover ground very slowly.
You have a slow metabolism.
You can spit poison.
You are somewhat inexperienced. (-2 XL)


Message History

Aim: Joseph, wielding a quarterstaff and wearing a leather armour (moderately The splash of poison hits Joseph.
Joseph is moderately wounded.
You feel slightly more hungry.
Joseph hits you with an uncursed quarterstaff!
* * * LOW HITPOINT WARNING * * *
Okay, then.
Evoke which item? (* to show all) (? for menu, Esc to quit)
Okay, then.
As you read the scroll of teleportation, it crumbles to dust.
You feel strangely unstable.
Joseph hits you with an uncursed quarterstaff!
* * * LOW HITPOINT WARNING * * *
Okay, then.
Okay, then.
You have got your breath back.
Joseph unwields an uncursed quarterstaff.
Joseph wields an uncursed hunting sling.
Joseph shoots a sling bullet.
The sling bullet hits you!
You die...

#.....####.###.....#
#.....##...#####..##
#....(...##........##
############.....####..###.##..#
.....##....#..##.# ## #.#...##
.....##.......##.# #.#.#..#
.....#...(....##)# #.#.##..
.........(...###)# #.#.##.#
.....#.........#@## #.#.##..
.....##..(..##.#).#.# #.#.###.
.....##......#.@..#.# ##.#.# ##
######........##..#.# #..#.# #
######..............#####.#..####
............)##.#..#...##........
.............##........##...#####
.........(.#.##........##>..####.
...........#.##...........[.#....


You could see Joseph.

Vanquished Creatures
  A two-headed ogre (D:5)
  Grinder (D:6)
  A hungry ghost (D:6)
  Eustachio (D:5)
  Edmund (D:6)
  A water moccasin (D:5)
  Duvessa (D:7)
  An orc warrior (D:5)
  An ice beast (D:5)
  A phantom (D:6)
  3 ogres
  A centaur (D:7)
  2 bullfrogs (D:7)
  A water moccasin zombie (D:5)
  Dowan (D:7)
  A scorpion (D:4)
  2 crimson imps (D:6)
  7 orc priests
  A bullfrog zombie (D:7)
  A centaur skeleton (D:5)
  A jelly (D:5)
  Ijyb (D:3)
  4 orc wizards
  5 worker ants
  A hound zombie (D:7)
  A hound skeleton (D:5)
  A gnoll (D:1)
  8 adders
  2 shadow imps
  An ooze (D:2)
  An adder skeleton (D:5)
  A worm (D:3)
  2 dart slugs (D:1)
  3 leopard geckos
  28 orcs
  3 giant cockroaches
  11 goblins
  8 hobgoblins
  3 jackals (D:2)
  3 quokkas
  3 ball pythons
  12 bats
  6 frilled lizards
  13 kobolds
  8 rats
160 creatures vanquished.

Vanquished Creatures (others)
  A black bear (D:7)
1 creature vanquished.

Grand Total: 161 creatures vanquished

Notes
Turn   | Place    | Note
-------+----------+-------------------------------------------
     0 | D:1      | Torikoriko the Naga Monk began the quest for the Orb.
     0 | D:1      | Reached XP level 1. HP: 21/21 MP: 1/1
   217 | D:1      | Reached XP level 2. HP: 28/28 MP: 2/2
   493 | D:1      | Reached XP level 3. HP: 26/34 MP: 3/3
  1680 | D:2      | Reached XP level 4. HP: 42/42 MP: 4/4
  2993 | D:3      | Reached XP level 5. HP: 25/50 MP: 5/5
  3258 | D:3      | Found a faded altar of an unknown god.
  3608 | D:3      | Reached XP level 6. HP: 50/57 MP: 6/6
  3686 | D:3      | Reached skill level 5 in Stealth
  3904 | D:3      | Noticed Ijyb
  3946 | D:3      | Paralysed by Ijyb for 7 turns
  3957 | D:3      | Killed Ijyb
  3957 | D:3      | Reached skill level 5 in Axes
  4552 | D:4      | Reached XP level 7. HP: 40/66 MP: 7/7
  5350 | D:5      | Entered Level 5 of the Dungeon
  5398 | D:5      | HP: 3/66 [water moccasin (2)]
  6133 | D:5      | Noticed Eustachio
  6404 | D:5      | Reached skill level 5 in Fighting
  6404 | D:5      | Reached XP level 8. HP: 46/74 MP: 8/8
  6461 | D:5      | Noticed a two-headed ogre
  6559 | D:5      | Killed a two-headed ogre
  7067 | D:5      | Killed Eustachio
  7067 | D:5      | Reached XP level 9. HP: 33/82 MP: 9/9
  7712 | D:6      | Found a sacrificial altar of Ru.
  7720 | D:6      | Became a worshipper of Ru the Awakened
  7730 | D:6      | Gained mutation: You are somewhat inexperienced. (-2 XL)
                  | [Ru sacrifice]
  7730 | D:6      | Reached XP level 8. HP: 76/76 MP: 8/8
  7730 | D:6      | Reached XP level 7. HP: 69/69 MP: 7/7
  7730 | D:6      | Reached * piety under Ru
  7730 | D:6      | Reached ** piety under Ru
  8190 | D:5      | Reached skill level 5 in Dodging
  8510 | D:6      | Noticed Edmund
  8804 | D:6      | Noticed Grinder
  8819 | D:6      | Found a staircase to the Ecumenical Temple.
  8892 | D:7      | Noticed Dowan
  8943 | D:7      | Reached XP level 8. HP: 59/76 MP: 8/8
  9293 | D:7      | Noticed Duvessa
  9344 | D:6      | Killed Edmund
  9423 | D:6      | Killed Grinder
  9423 | D:6      | Reached skill level 1 in Armour
  9745 | D:7      | Killed Dowan
 10465 | D:7      | Killed Duvessa
 10465 | D:7      | Reached XP level 9. HP: 67/85 MP: 9/9
 10675 | D:7      | Noticed Joseph
 11225 | D:7      | Shot with a sling bullet by Joseph

Skill      XL: |  1  2  3  4  5  6  7  8  9 |
---------------+----------------------------+-----
Stealth        | 4 5 6 9 |  9.9
Axes           | 4 5 8 9 |  9.2
Dodging        | 3 5 |  5.1
Fighting       | 4 5 6 |  6.8
Armour         | 1 2 |  2.0

Action                   |  1- 3 |  4- 6 |  7- 9 || total
-------------------------+-------+-------+-------++-------
Melee: Hand axe          |    80 |   168 |   428 ||   676
Throw: Stone             |     5 |    26 |     1 ||    32
       Tomahawk          |       |       |    23 ||    23
Invok: Sacrifice Experie |       |       |     1 ||     1
 Abil: Spit Poison       |    14 |    40 |    48 ||   102
Evoke: Wand              |       |       |     9 ||     9
  Use: Scroll            |       |     1 |    10 ||    11
       Potion            |       |       |     3 ||     3
 Stab: Sleeping          |     5 |     5 |     1 ||    11
       Distracted        |       |     1 |     3 ||     4
       Paralysed         |       |       |     7 ||     7
  Eat: Chunk             |     2 |    10 |    12 ||    24
       Ration            |       |       |     4 ||     4
Armor: Ring mail         |    23 |     7 |   104 ||   134
       Robe              |     7 |    28 |       ||    35
Dodge: Dodged            |    47 |   108 |   203 ||   358
